 Dungeon Crawl Stone Soup version 0.30-a0-223-gcb0039aa0c (webtiles) character file.

Game seed: 11357344366928990415

96 timneilson the Covered (level 4, -3/28 HPs)
             Began as a Gargoyle Fighter on Oct 9, 2022.
             Splashed by a jelly's acid (4 damage)
             ... on level 3 of the Dungeon.
             The game lasted 00:03:09 (1990 turns).

timneilson the Covered (Gargoyle Fighter)           Turns: 1990, Time: 00:03:10

Health: -3/28      AC:  6    Str: 22    XL:     4   Next: 67%
Magic:  4/4        EV:  7    Int:  8    God:
Gold:   141        SH:  5    Dex:  9    Spells: 3/3 levels left

rFire   . . .      SeeInvis .    a - +0 long sword
rCold   . . .      Faith    .    c - +1 buckler
rNeg    + . .      Spirit   .    e - +0 chain mail
rPois   ∞          Reflect  .    (no helmet)
rElec   +          Harm     .    (no cloak)
rCorr   .          Rampage  .    o - +0 pair of gloves
Will    .....                    (no boots)
Stlth   ..........               (no amulet)
HPRegen 0.24/turn                (no ring)
MPRegen 0.09/turn                (no ring)

@: mighty, corroded, hasted, studying Armour, very quick
A: sickness immunity, AC +3, negative energy resistance 1, electricity
resistance, torment resistance 1, petrification resistance
a: no special abilities


You were on level 3 of the Dungeon.
You visited 1 branch of the dungeon, and saw 3 of its levels.

You collected 141 gold pieces.

Inventory:

Hand Weapons
 a - a +0 long sword (weapon)
Missiles
 l - 2 throwing nets (quivered)
Armour
 c - a +1 buckler (worn)
 e - a +0 chain mail (worn)
 m - a +0 tower shield
 o - a +0 pair of gloves (worn)
Jewellery
 p - a ring of willpower
Scrolls
 b - a scroll of teleportation
 f - 3 scrolls of enchant armour
 i - 5 scrolls of identify
 j - 3 scrolls of noise {unknown}
 n - a scroll of magic mapping {unknown}
Potions
 d - a potion of might
 k - a potion of berserk rage {unknown}
 q - a potion of curing {unknown}


   Skills:
 + Level 3.6 Fighting
 * Level 2.8 Long Blades
 * Level 4.1 Armour
 + Level 0.9 Dodging
 * Level 4.0 Shields


You had 3 spell levels left.
You didn't know any spells.
Your spell library contained the following spells:

 Spells                   Type           Power      Damage    Failure   Level
 Sandblast                Erth           0%         2d4       99%         1
 Ensorcelled Hibernation  Hex/Ice        0%         N/A       100%        2
 Passwall                 Tmut/Erth      0%         N/A       100%        2
 Spider Form              Tmut/Pois      0%         N/A       100%        3
 Stone Arrow              Conj/Erth      0%         3d7       100%        3
 Anguish                  Hex/Necr       0%         N/A       100%        4


Dungeon Overview and Level Annotations

Branches:
Dungeon (3/15)

Altars:

Shops:
D:1 =


Innate Abilities, Weirdness & Mutations

You are immune to sickness and miasma.
Your stone body is resilient. (AC +3)
You are immune to poison.
You resist negative energy. (rN+)
You are resistant to electric shocks. (rElec)
You are resistant to unholy torment.
You are immune to petrification.


Message History

You are too injured to fight recklessly!
Unknown command.
You feel yourself speed up. You block the endoplasm's attack.
You hit the endoplasm.
The endoplasm is almost dead.
The endoplasm freezes you.
You are frozen.
You slash the endoplasm!
You kill the endoplasm!
You hit the jelly. The acid corrodes you!
Your hands burn!
The jelly is moderately wounded.
The jelly barely misses you.
You hit the jelly.
Your hands burn!
* * * LOW HITPOINT WARNING * * *
The jelly is heavily wounded.
You block the jelly's attack.
You feel much better.
You feel very mighty all of a sudden. The jelly closely misses you.
You slash the jelly!
You kill the jelly!
Your Armour skill increases to level 4!
Your Shields skill increases to level 4!
You hit the jelly.
Your hands burn!
The jelly is lightly wounded.
The jelly hits you but does no damage.
You hit the jelly.
Your hands burn!
The jelly is lightly wounded.
The jelly hits you but does no damage.
You slash the jelly! The acid corrodes you!
Your hands burn!
The jelly is severely wounded.
The jelly hits you.
You are splashed with acid!
You hit the jelly.
Your hands burn!
The jelly is severely wounded.
The jelly hits you.
* * * LOW HITPOINT WARNING * * *
You are splashed with acid.
* * * LOW HITPOINT WARNING * * *
You hit the jelly but do no damage.
Your hands burn!
You die...

##.....##
######
#.......#
##
#.......#
#.
#..(....#
#.
#.......#
#.
#....####
#.
#..).'..##
#.
########.#
#.
##JJ@)..##
#.
#J#######
###.
#.JJJ...÷.
....
#÷..JJ÷...
####
#÷....P...
#.....P...
#.....P...
#........$
###########
##########
#..<......#


You could see a jelly and 2 endoplasms.

Vanquished Creatures
  A jelly (D:3)
  A worm (D:3)
  2 dart slugs (D:1)
  9 endoplasms
  A giant cockroach (D:3)
  5 goblins
  7 hobgoblins
  10 kobolds
  3 quokkas
  4 ball pythons
  4 bats
  2 frilled lizards
  5 rats
54 creatures vanquished.

Vanquished Creatures (others)
  A fungus (D:3)
  12 toadstools (D:3)
13 creatures vanquished.

Grand Total: 67 creatures vanquished

Notes
Turn   | Place    | Note
-------+----------+-------------------------------------------
     0 | D:1      | timneilson the Gargoyle Fighter began the quest for the
                  | Orb.
     0 | D:1      | Reached XP level 1. HP: 14/14 MP: 1/1
    18 | D:1      | Found a faded altar of an unknown god.
    93 | D:1      | Reached XP level 2. HP: 11/19 MP: 2/2
   703 | D:1      | Reached XP level 3. HP: 23/23 MP: 3/3
   793 | D:1      | Found Otrur's Jewellery Boutique.
   842 | D:1      | Identified a scroll of acquirement
   842 | D:1      | Acquired a manual of Armour
  1054 | D:2      | Identified the +0 scale mail of the Intense God {rElec rF-
                  | Regen+ Int+9}
  1899 | D:3      | Reached XP level 4. HP: 20/28 MP: 4/4
  1989 | D:3      | HP: 1/28 [acid (6)]
  1990 | D:3      | Splashed by a jelly's acid

Illustrated notes

Levels and vault maps discovered:
D:1:      lightli_arrival_lavapool, layout_basic, serial_shops,
          nicolae_lakefront_shop, ebering_ecumenical_altar_box
D:2:      layout_loops_ring
D:3:      cheibrodos_fertilizer, layout_loops_ring, grunt_temple_overflow_open,
          serial_glass, glass_columns_a, glass_columns_c,
          minmay_misc_feat_alley, minivault_5, uniq_robin

Skill      XL: |  1  2  3  4 |
---------------+-------------+-----
Long Blades    | 2 |  2.8
Armour         | 4 |  4.1
Shields        | 4 |  4.0
Fighting       | |  3.6
Dodging        | |  0.9

Action                   |  1- 3 |  4- 6 || total
-------------------------+-------+-------++-------
Melee: Long sword        |   175 |    27 ||   202
  Use: Scroll            |     6 |       ||     6
       Potion            |       |     3 ||     3
Armor: Scale mail        |    59 |       ||    59
       Chain mail        |    70 |     8 ||    78
Dodge: Dodged            |    92 |     4 ||    96
Block: Buckler           |    58 |     6 ||    64

Table legend: (Time is in decaauts)
 A = Elapsed time spent in this place.
 B = Non-inter-level travel time spent in this place.
 C = Inter-level travel time spent in this place.
 D = Time resting spent in this place.
 E = Time spent auto-exploring this place.
 F = Levels seen in this place.
 G = Mean time per level.
                   A        B        C        D        E       F      G
               +--------+--------+--------+--------+--------+-----+--------+
         Total |   2052 |   1992 |     60 |      0 |   1515 |   3 |  684.0 |
       Dungeon |   2052 |   1992 |     60 |      0 |   1515 |   3 |  684.0 |
               +--------+--------+--------+--------+--------+-----+--------+

Top non-repeatable levels by time:
     D:1: 895 daAuts
     D:2: 604 daAuts
     D:3: 552 daAuts
